cohdb
Replays
Latest Replays
All Replays
Popular Replays
Top Player Replays
Match Explorer
How It Works
Community
CoH3 Stats
Reddit
Sign in to upload your games and track your stats! →
Sign in with Steam
Match 42668123
Unlisted
Match 42668123
Overview
Messages
Build Orders
End
Construct Barracks
Riflemen Squad
Riflemen Squad
Selects Advanced Infantry Battlegroup
Riflemen Squad
Grenade Package
Construct Weapon Support Center
Selects Ammunition Storage
Selects Convert to Ranger Squad
Convert to Ranger Squad
Selects Frontline Medical Station
Convert to Ranger Squad
Frontline Medical Station
Infantry Support Center
Advanced Logistics
Ranger Squad
Survival Training
Munitions Surplus
Selects M2A1 105mm Howitzer Emplacement
Engineer Squad
Selects Free Fire Drills
Improved M9 Bazooka Rockets
Selects Ranger Weapon Training
Ranger Squad
Ranger Squad
Frontline Medical Station
Frontline Medical Station
我在格陵兰岛建空军基地!
-HOI-幽灵
没有人比我更懂澳大利亚
Lvl 13 Dwarf Janitor
Solomon Raz
Karadoc
GreeD
Team saupiquet
0
0
Comments
sign in to comment!
No comments posted yet!